 Dungeon Crawl Stone Soup version 0.30.0-29-ga12c61a403 (webtiles) character file.

Game seed: 7926343181490568104

37302 qw the Cleaver (level 13, -17/84 HPs)
             Began as a Gargoyle Fighter on June 6, 2023.
             Was a High Priest of Okawaru.
             Demolished by a dire elephant (20 damage)
             ... on level 5 of the Lair of Beasts.
             The game lasted 00:07:27 (13145 turns).

qw the Cleaver (Gargoyle Fighter)                  Turns: 13145, Time: 00:07:28

Health: -17/84     AC: 34    Str: 24    XL:     13   Next: 95%
Magic:  20/20      EV: 14    Int: 10    God:    Okawaru [*****.]
Gold:   880        SH:  6    Dex:  9    Spells: 12/12 levels left

rFire   . . .        v - +4 war axe
rCold   + . .        c - +0 buckler
rNeg    + . .        l - +0 plate armour
rPois   inf          (no helmet)
rElec   +            b - +2 cloak
rCorr   .            x - +1 pair of gloves
SInv    .            u - +0 pair of boots
Will    .....        f - amulet of regeneration Stlth
                     q - ring of protection from cold
HPRegen 1.14/turn    n - +5 ring of evasion
MPRegen 0.17/turn

%: no passive effects
@: about to teleport, heroic
A: sickness immunity, AC +9, negative energy resistance 1, electricity
resistance, torment resistance 1, petrification resistance
a: Renounce Religion, Heroism, Finesse, Duel


You were on level 5 of the Lair of Beasts.
You worshipped Okawaru.
Okawaru was extremely pleased with you.
You visited 3 branches of the dungeon, and saw 15 of its levels.
You also visited: Sewer and Ossuary.

You collected 880 gold pieces.


Innate Abilities, Weirdness & Mutations

You are immune to sickness and miasma.
Your stone body is resilient. (AC +9)
You are immune to poison.
You resist negative energy. (rN+)
You are resistant to electric shocks. (rElec)
You are resistant to unholy torment.
You are immune to petrification.


   Skills:
 - Level 11.1(16.1) Fighting
 + Level 14.0(19.0) Axes
 - Level 6.0(11.0) Throwing
 - Level 10.1(15.1) Armour
 - Level 2.0(7.0) Dodging
 - Level 7.2(12.2) Shields
 - Level 10.1 Invocations


You had 12 spell levels left.
You didn't know any spells.
Your spell library was empty.

Inventory:

Hand Weapons
 o - a +4 morningstar
 v - a +4 war axe (weapon)
Missiles
 h - 6 boomerangs
 y - a silver javelin (quivered)
Armour
 b - a +2 cloak (worn)
 c - a +0 buckler (worn)
 l - a +0 plate armour (worn)
 u - a +0 pair of boots (worn)
 x - a +1 pair of gloves (worn)
Jewellery
 f - an amulet of regeneration (around neck)
 m - a ring of protection from cold
 n - a +5 ring of evasion (right hand)
 p - a ring of protection from fire
 q - a ring of protection from cold (left hand)
 r - a ring of protection from fire
Scrolls
 a - 6 scrolls of identify
 s - a scroll of teleportation
Potions
 d - 4 potions of might
 e - 4 potions of cancellation
 g - 6 potions of curing
 i - 3 potions of magic
 j - 3 potions of lignification
 k - 4 potions of haste
 t - 2 potions of attraction
 z - 3 potions of mutation

Dungeon Overview and Level Annotations

Branches:
Dungeon (9/15)             Temple (1/1) D:4            Lair (5/5) D:8
  Swamp (0/4) Lair:3       Spider (0/4) Lair:3        Slime (0/5) Lair:5
  Sewer (visited)         Ossuary (visited)
    Orc: D:9-12

Altars:
Ashenzari
Cheibriados
Dithmenos
Elyvilon
Fedhas
Gozag
Hepliaklqana
Kikubaaqudgha
Makhleb
Nemelex Xobeh
Okawaru
Qazlal
Ru
Sif Muna
Trog
Uskayaw
Vehumet
Wu Jian
Xom
Yredelemnul
Zin
The Shining One
Jiyva

Shops:
D:6 [

Annotations:
D:5 1 runed translucent door, qw's ghost, amateur GrCA
D:8 3 runed translucent doors, qw's ghost, novice GrFi


Message History

The dire elephant tramples you but does no damage.
The dire elephant trunk-slaps you.
You hit the dire elephant.
The dire elephant is almost dead.
You slash the dire elephant! You block the dire elephant's attack.
The dire elephant trunk-slaps you but does no damage.
The dire elephant tramples you but does no damage.
The dire elephant misses you.
You hit the dire elephant but do no damage.
The dire elephant is almost dead.
You barely miss the dire elephant. The dire elephant misses you.
The dire elephant barely misses you.
You barely miss the dire elephant.
The dire elephant is almost dead.
You hit the dire elephant but do no damage.
You block the dire elephant's attack. The dire elephant closely misses you.
The dire elephant tramples you!
You hold your ground!
The dire elephant trunk-slaps you but does no damage.
You hit the dire elephant but do no damage.
The dire elephant is almost dead.
You hit the dire elephant.
The dire elephant tramples you but does no damage.
The dire elephant trunk-slaps you but does no damage.
You hit the dire elephant.
The dire elephant is almost dead.
You hit the dire elephant. The dire elephant tramples you!!
You hold your ground!
You block the dire elephant's attack. x3
13144 ||| READING 2 scrolls of teleportation.
As you read the scroll of teleportation, it crumbles to dust.
You feel strangely unstable.
The dire elephant tramples you but does no damage.
The dire elephant trunk-slaps you but does no damage.
The dire elephant closely misses you. The dire elephant trunk-slaps you.
You hit the dire elephant.
The dire elephant is almost dead.
You slash the dire elephant! The dire elephant tramples you!!
You die...

######## 77#.#.#..## 77P.P......#
7P.........### ###
....##P#..#...# #.# .
###''#''#### ### ..#
#8..#..Y.8##.~~##8...8# ..#
#...#.@YZ.().~~~'...)}# ..#
#.#.####Z8#.~~~~'...[$# .P#
#+#...P####.~~~~#8Y..8# ..#
####...P#~~~~.####### ..#
####.###~.###8.8## ..##
#777##..P#####8.}.8# ...##
##7P..P###............
....##7###77......P7########'''##
.................................


You could see 2 dire elephants, a spectral anaconda and a dire elephant
simulacrum.

Vanquished Creatures
  A dire elephant (Lair:5)
  6 hydras
  7 death yaks (Lair:5)
  A skyshark (Lair:3)
  A spectral death yak (Lair:5)
  A lindwurm (Lair:1)
  4 necromancers (Lair:5)
  9 elephants (Lair:5)
  A torpor snail (Lair:3)
  A black mamba (Lair:3)
  10 cane toads
  A dire elephant skeleton (Lair:5)
  8 komodo dragons
  3 rime drakes (Lair:5)
  A hornet (D:6)
  Prince Ribbit (D:7)
  A spectral elephant (Lair:5)
  2 spriggans (Lair:2)
  45 yaks
  3 wyverns
  2 basilisks
  A death yak simulacrum (Lair:5)
  A steam dragon (D:7)
  4 spectral cane toads (Lair:5)
  2 wargs (D:8)
  7 swamp worms (Lair:3)
  Duvessa (D:7)
  2 hell hounds (Lair:2)
  8 water moccasins
  An orc warrior (D:8)
  2 ice beasts (D:7)
  2 sky beasts (D:7)
  4 black bears
  7 wolves (Lair:2)
  3 ogres
  3 centaurs (D:8)
  2 elephant skeletons (Lair:5)
  4 kobold brigands
  6 bullfrogs
  7 scorpions
  12 wights
  Dowan (D:7)
  An elephant simulacrum (Lair:5)
  2 howler monkeys
  6 centaur zombies (Ossuary)
  2 jellies (D:6)
  A hound (D:5)
  3 sleepcaps (D:5)
  3 gnoll boudas
  6 orc priests
  Terence (D:2)
  3 iguanas
  4 orc wizards
  6 mummies
  8 adders
  13 gnolls
  A shadow imp (D:5)
  2 ufetubi (D:5)
  3 worms
  2 dart slugs
  27 orcs
  5 ball pythons
  8 endoplasms
  6 giant cockroaches
  6 hobgoblins
  3 jackals (D:1)
  2 quokkas (D:2)
  11 bats
  4 frilled lizards
  2 goblins
  A hobgoblin zombie (Ossuary)
  25 kobolds
  7 rats
363 creatures vanquished.

Notes
Turn   | Place    | Note
-------+----------+-------------------------------------------
     0 | D:1      | qw the Gargoyle Fighter began the quest for the Orb.
     0 | D:1      | Reached XP level 1. HP: 14/14 MP: 1/1
     0 | D:1      | 0 ||| qw: Version: 0.2-a-108-gee2c290
     0 | D:1      | 0 ||| qw: Game counter: 1527
     0 | D:1      | 0 ||| qw: Always use a shield: true
     0 | D:1      | 0 ||| qw: God list: Okawaru
     0 | D:1      | 0 ||| qw: Allow faded altars: false
     0 | D:1      | 0 ||| qw: Do Orc after D:15 true
     0 | D:1      | 0 ||| qw: Do second Lair branch before Depths: true
     0 | D:1      | 0 ||| qw: Lair rune preference: random
     0 | D:1      | 0 ||| qw: Plans: Normal, Zot:1-4, Slime:5, God:TSO, Crypt,
                  | Tomb, Abyss, Pan, Hells, Win
     0 | D:1      | 0 ||| PLANNING D:1-11
   119 | D:1      | Reached skill level 2 in Axes
   173 | D:1      | Reached XP level 2. HP: 19/19 MP: 2/2
   175 | D:1      | Found a faded altar of an unknown god.
   444 | D:1      | Reached skill level 3 in Axes
   551 | D:1      | 551 ||| DROPPING ring of wizardry.
   552 | D:1      | 552 ||| READING 3 scrolls labelled ONEHIK OVVENT.
   553 | D:1      | 553 ||| READING scroll labelled ATSARO JECSIX.
   554 | D:1      | 554 ||| READING scroll labelled DIHIWU ZIEVIZI.
   555 | D:1      | 555 ||| READING 2 scrolls of identify.
   555 | D:1      | 555 ||| IDENTIFYING green potion
   595 | D:2      | Reached XP level 3. HP: 23/23 MP: 3/3
   652 | D:2      | 652 ||| DROPPING +0 club.
   672 | D:2      | Noticed Terence
   682 | D:2      | Killed Terence
   718 | D:2      | 718 ||| DROPPING +0 mace.
  1116 | D:2      | 1116 ||| UPGRADING to +1 cloak.
  1121 | D:2      | 1121 ||| UPGRADING to ring of protection from cold.
  1122 | D:2      | 1122 ||| READING scroll labelled ZIBRON LEKIAW.
  1123 | D:2      | 1123 ||| READING scroll labelled BEKOQU NOYSUST.
  1128 | D:2      | 1128 ||| READING scroll labelled YTOARI UCKAWN.
  1129 | D:2      | 1129 ||| READING scroll labelled SOVUOHIMPI.
  1130 | D:2      | 1130 ||| READING scroll labelled YKEEQU XAITEFE.
  1131 | D:2      | 1131 ||| DRINKING 2 ruby potions.
  1132 | D:2      | 1132 ||| READING 2 scrolls of identify.
  1132 | D:2      | 1132 ||| IDENTIFYING sedimented orange potion
  1133 | D:2      | 1133 ||| DROPPING potion of brilliance.
  1150 | D:3      | Found a shadowy altar of Dithmenos.
  1187 | D:3      | Reached XP level 4. HP: 28/28 MP: 4/4
  1208 | D:3      | Reached skill level 1 in Throwing
  1216 | D:3      | Reached skill level 4 in Axes
  1218 | D:3      | Reached XP level 5. HP: 31/32 MP: 5/5
  1306 | D:3      | 1306 ||| Stepping ~*~*~tactically~*~*~ (stealth).
  1308 | D:3      | 1308 ||| Stepping ~*~*~tactically~*~*~ (hiding).
  1309 | D:3      | 1309 ||| Stepping ~*~*~tactically~*~*~ (hiding).
  1386 | D:3      | 1386 ||| Stepping ~*~*~tactically~*~*~ (hiding).
  1389 | D:3      | 1389 ||| Stepping ~*~*~tactically~*~*~ (hiding).
  1398 | D:3      | 1398 ||| FLEEEEING.
  1399 | D:3      | 1399 ||| FLEEEEING.
  1400 | D:3      | 1400 ||| FLEEEEING.
  1401 | D:3      | 1401 ||| FLEEEEING.
  1402 | D:3      | 1402 ||| FLEEEEING.
  1403 | D:3      | 1403 ||| FLEEEEING.
  1404 | D:3      | 1404 ||| FLEEEEING.
  1405 | D:3      | 1405 ||| STAIRDANCE
  1424 | D:2      | 1424 ||| READING 2 scrolls of identify.
  1424 | D:2      | 1424 ||| IDENTIFYING silvery potion
  1435 | D:3      | Reached skill level 5 in Axes
  1440 | D:3      | 1440 ||| FLEEEEING.
  1441 | D:3      | 1441 ||| FLEEEEING.
  1539 | D:3      | 1539 ||| Stepping ~*~*~tactically~*~*~ (stealth).
  1580 | D:3      | 1580 ||| Stepping ~*~*~tactically~*~*~ (stealth).
  1582 | D:3      | 1582 ||| Stepping ~*~*~tactically~*~*~ (hiding).
  1696 | D:3      | 1696 ||| Stepping ~*~*~tactically~*~*~ (stealth).
  1699 | D:3      | 1699 ||| Stepping ~*~*~tactically~*~*~ (stealth).
  1700 | D:3      | 1700 ||| Stepping ~*~*~tactically~*~*~ (stealth).
  1701 | D:3      | 1701 ||| Stepping ~*~*~tactically~*~*~ (stealth).
  1732 | D:3      | Found a blossoming altar of Fedhas.
  1732 | D:3      | Found a glowing silver altar of Zin.
  1735 | D:3      | 1735 ||| READING scroll labelled CYETWUSTIFO.
  1769 | D:3      | Reached XP level 6. HP: 37/37 MP: 6/6
  1845 | D:3      | 1845 ||| Stepping ~*~*~tactically~*~*~ (stealth).
  2293 | D:3      | 2293 ||| READING 3 scrolls labelled QUPSAL NUIXU.
  2294 | D:3      | 2294 ||| READING 2 scrolls of identify.
  2294 | D:3      | 2294 ||| IDENTIFYING yellow potion
  2295 | D:3      | 2295 ||| DROPPING 2 scrolls of summoning.
  2311 | D:4      | 2311 ||| PLANNING SEWER
  2321 | D:4      | 2321 ||| Stepping ~*~*~tactically~*~*~ (stealth).
  2384 | D:4      | 2384 ||| Stepping ~*~*~tactically~*~*~ (stealth).
  2392 | D:4      | Reached skill level 1 in Dodging
  2472 | D:4      | Found a staircase to the Ecumenical Temple.
  2682 | D:4      | Found a glowing drain.
  2683 | D:4      | 2683 ||| READING scroll labelled USUESE FUUNAISEBIE.
  2684 | D:4      | 2684 ||| READING 2 scrolls of identify.
  2684 | D:4      | 2684 ||| IDENTIFYING bubbling emerald potion
  2694 | Sewer    | Entered a sewer
  2798 | Sewer    | Reached XP level 7. HP: 41/43 MP: 7/7
  2949 | Sewer    | Reached skill level 6 in Axes
  2959 | Sewer    | HP: 8/43 [kobold brigand/+0 club (4)]
  2960 | Sewer    | 2960 ||| DRINKING 2 potions of heal wounds.
  3033 | Sewer    | 3033 ||| READING scroll labelled MIOMNE JAS VIO.
  3034 | Sewer    | 3034 ||| READING 2 scrolls of identify.
  3034 | Sewer    | 3034 ||| IDENTIFYING sedimented brown potion
  3038 | D:4      | 3038 ||| PLANNING TEMPLE
  3091 | Temple   | Entered the Ecumenical Temple
  3134 | Temple   | 3134 ||| PLANNING OKAWARU WORSHIP
  3186 | Temple   | Became a worshipper of Warmaster Okawaru
  3186 | Temple   | 3186 ||| PLANNING D:1-11
  3308 | D:5      | Entered Level 5 of the Dungeon
  3309 | D:5      | 3309 ||| PLANNING OSSUARY
  3309 | D:5      | Noticed a yak
  3310 | D:5      | Noticed a yak
  3311 | D:5      | Noticed a yak
  3316 | D:5      | Killed a yak
  3317 | D:5      | Reached skill level 7 in Axes
  3317 | D:5      | HP: 9/43 [yak (4)]
  3318 | D:5      | 3318 ||| DRINKING potion of heal wounds.
  3320 | D:5      | Killed a yak
  3320 | D:5      | Reached * piety under Okawaru
  3321 | D:5      | Reached XP level 8. HP: 17/49 MP: 8/8
  3321 | D:5      | 3321 ||| INVOKING Heroism.
  3321 | D:5      | HP: 2/49 [sleepcap (6)]
  3323 | D:5      | Killed a yak
  3506 | D:5      | 3506 ||| Stepping ~*~*~tactically~*~*~ (hiding).
  3514 | D:5      | 3514 ||| INVOKING Heroism.
  3515 | D:5      | 3515 ||| DRINKING 3 potions of curing.
  3515 | D:5      | 3515 ||| (to cure confusion)
  3526 | D:5      | Reached skill level 1 in Invocations
  3577 | D:5      | 3577 ||| INVOKING Heroism.
  3578 | D:5      | 3578 ||| Stepping ~*~*~tactically~*~*~ (stealth).
  3580 | D:5      | 3580 ||| Stepping ~*~*~tactically~*~*~ (stealth).
  3588 | D:5      | Reached skill level 8 in Axes
  3588 | D:5      | 3588 ||| INVOKING Heroism.
  3627 | D:5      | Reached skill level 6 in Fighting
  3735 | D:5      | 3735 ||| Stepping ~*~*~tactically~*~*~ (stealth).
  3785 | D:5      | 3785 ||| INVOKING Heroism.
  3891 | D:5      | Found a glowing golden altar of the Shining One.
  3982 | D:5      | Found a sand-covered staircase.
  3989 | D:5      | 3989 ||| READING scroll labelled TIETRY HAITIP.
  3996 | Ossuary  | Entered an ossuary
  4002 | Ossuary  | Reached skill level 3 in Invocations
  4029 | Ossuary  | 4029 ||| FLEEEEING.
  4034 | Ossuary  | Reached XP level 9. HP: 55/55 MP: 11/11
  4034 | Ossuary  | 4034 ||| FLEEEEING.
  4035 | Ossuary  | 4035 ||| FLEEEEING.
  4108 | Ossuary  | 4108 ||| READING scroll of brand weapon.
  4108 | Ossuary  | 4108 ||| BRANDING +0 heavy war axe.
  4121 | Ossuary  | 4121 ||| READING scroll labelled ARYPHU GOSO.
  4122 | Ossuary  | 4122 ||| READING scroll labelled HEMPUI WELY.
  4131 | D:5      | 4131 ||| PLANNING D:1-11
  4194 | D:5      | Found a runed translucent door.
  4194 | D:5      | Noticed qw's ghost (amateur GrCA)
  4304 | D:5      | 4304 ||| UPGRADING to +5 ring of evasion.
  4305 | D:5      | 4305 ||| READING 3 scrolls of identify.
  4305 | D:5      | 4305 ||| IDENTIFYING viscous red potion
  4306 | D:5      | 4306 ||| DROPPING potion of ambrosia.
  4423 | D:6      | 4423 ||| INVOKING Heroism.
  4527 | D:6      | 4527 ||| INVOKING Heroism.
  4648 | D:6      | Found Kickol's Armour Shop.
  4655 | D:6      | 4655 ||| SHOPLISTING +1 crystal plate armour "Kastrow"
                  | {-Cast Str+5 Dex+5} (1250 gold, have 335).
  4678 | D:6      | 4678 ||| INVOKING Heroism.
  4688 | D:6      | Reached skill level 9 in Axes
  4700 | D:6      | 4700 ||| Stepping ~*~*~tactically~*~*~ (stealth).
  4704 | D:6      | 4704 ||| Stepping ~*~*~tactically~*~*~ (stealth).
  4711 | D:6      | 4711 ||| INVOKING Heroism.
  4839 | D:6      | Found a hazy altar of Hepliaklqana.
  4910 | D:6      | 4910 ||| Stepping ~*~*~tactically~*~*~ (stealth).
  4912 | D:6      | 4912 ||| Stepping ~*~*~tactically~*~*~ (hiding).
  4918 | D:6      | 4918 ||| INVOKING Heroism.
  4967 | D:6      | 4967 ||| DROPPING +0 flail.
  5146 | D:6      | 5146 ||| UPGRADING to +0 chain mail.
  5156 | D:6      | 5156 ||| DROPPING +0 scale mail.
  5157 | D:6      | 5157 ||| UPGRADING to +0 pair of boots.
  5162 | D:6      | 5162 ||| READING scroll labelled XITYADEDAU.
  5304 | D:7      | Noticed a hornet
  5319 | D:7      | 5319 ||| STAIRDANCE
  5324 | D:6      | Killed a hornet
  5406 | D:7      | Noticed Prince Ribbit
  5407 | D:7      | 5407 ||| INVOKING Heroism.
  5417 | D:7      | Killed Prince Ribbit
  5522 | D:7      | Identified the +2 leather armour "Wosa" {rPois Regen+ Str+3
                  | Stlth+}
  5529 | D:7      | 5529 ||| Stepping ~*~*~tactically~*~*~ (hiding).
  5533 | D:7      | 5533 ||| INVOKING Heroism.
  5605 | D:7      | 5605 ||| INVOKING Heroism.
  5608 | D:7      | Reached XP level 10. HP: 63/63 MP: 10/13
  5720 | D:7      | Noticed Duvessa
  5721 | D:7      | 5721 ||| INVOKING Heroism.
  5725 | D:7      | Noticed Dowan
  5730 | D:7      | Killed Duvessa
  5731 | D:7      | Reached skill level 10 in Axes
  5733 | D:7      | Killed Dowan
  5737 | D:7      | 5737 ||| Stepping ~*~*~tactically~*~*~ (stealth).
  5748 | D:7      | 5748 ||| INVOKING Heroism.
  5973 | D:7      | Found a snail-covered altar of Cheibriados.
  6019 | D:7      | 6019 ||| UPGRADING to +2 cloak.
  6029 | D:7      | 6029 ||| DROPPING +1 cloak.
  6030 | D:7      | 6030 ||| UPGRADING to amulet of regeneration.
  6035 | D:7      | 6035 ||| READING 2 scrolls labelled FOPTOEW COJEPS.
  6036 | D:7      | 6036 ||| READING 2 scrolls of identify.
  6036 | D:7      | 6036 ||| IDENTIFYING sapphire potion
  6037 | D:7      | 6037 ||| DROPPING scroll of magic mapping.
  6085 | D:8      | 6085 ||| INVOKING Heroism.
  6086 | D:8      | Found a staircase to the Lair.
  6094 | D:8      | Reached ** piety under Okawaru
  6103 | D:8      | Reached skill level 3 in Throwing
  6149 | D:8      | 6149 ||| DROPPING +4 heavy flail.
  6166 | D:8      | 6166 ||| Stepping ~*~*~tactically~*~*~ (hiding).
  6167 | D:8      | 6167 ||| Stepping ~*~*~tactically~*~*~ (hiding).
  6169 | D:8      | 6169 ||| Stepping ~*~*~tactically~*~*~ (hiding).
  6189 | D:8      | Found a runed translucent gate.
  6189 | D:8      | Found a runed translucent gate.
  6189 | D:8      | Found a runed translucent gate.
  6190 | D:8      | Noticed qw's ghost (novice GrFi)
  6225 | D:8      | 6225 ||| FLEEEEING.
  6226 | D:8      | 6226 ||| FLEEEEING.
  6243 | D:8      | 6243 ||| DROPPING +1 flail of protection.
  6248 | D:8      | 6248 ||| DROPPING +2 morningstar.
  6321 | D:8      | 6321 ||| Stepping ~*~*~tactically~*~*~ (stealth).
  6353 | D:8      | 6353 ||| SWAPPING to +4 war axe.
  6354 | D:8      | 6354 ||| DROPPING +1 war axe of freezing.
  6687 | D:8      | Found a flagged portal.
  6764 | D:8      | Found a sparkling altar of Nemelex Xobeh.
  6766 | D:8      | Found a radiant altar of Vehumet.
  6834 | D:8      | 6834 ||| Stepping ~*~*~tactically~*~*~ (hiding).
  7101 | D:8      | 7101 ||| UPGRADING to +0 plate armour.
  7111 | D:8      | 7111 ||| DROPPING +0 chain mail.
  7187 | D:9      | 7187 ||| DROPPING ring of ice.
  7206 | D:8      | 7206 ||| PLANNING LAIR
  7244 | Lair:1   | Entered Level 1 of the Lair of Beasts
  7245 | Lair:1   | 7245 ||| STAIRDANCE
  7384 | Lair:1   | Reached *** piety under Okawaru
  7394 | Lair:1   | 7394 ||| STAIRDANCE
  7399 | D:8      | Reached skill level 6 in Armour
  7439 | Lair:1   | 7439 ||| STAIRDANCE
  7481 | Lair:1   | 7481 ||| INVOKING Heroism.
  7485 | Lair:1   | Noticed a cane toad
  7497 | Lair:1   | Noticed a cane toad
  7498 | Lair:1   | Killed a cane toad
  7498 | Lair:1   | Received a gift from Okawaru
  7504 | Lair:1   | Killed a cane toad
  7508 | Lair:1   | Noticed a cane toad
  7510 | Lair:1   | 7510 ||| INVOKING Heroism.
  7519 | Lair:1   | Killed a cane toad
  7520 | Lair:1   | Reached skill level 11 in Axes
  7520 | Lair:1   | Reached XP level 11. HP: 51/68 MP: 12/14
  7604 | Lair:1   | 7604 ||| Stepping ~*~*~tactically~*~*~ (stealth).
  7606 | Lair:1   | 7606 ||| INVOKING Heroism.
  7609 | Lair:1   | 7609 ||| Stepping ~*~*~tactically~*~*~ (stealth).
  7623 | Lair:1   | 7623 ||| Stepping ~*~*~tactically~*~*~ (stealth).
  7636 | Lair:1   | Reached skill level 9 in Fighting
  7698 | Lair:1   | 7698 ||| INVOKING Heroism.
  7709 | Lair:1   | Reached **** piety under Okawaru
  7768 | Lair:1   | 7768 ||| INVOKING Heroism.
  7771 | Lair:1   | 7771 ||| Stepping ~*~*~tactically~*~*~ (stealth).
  7774 | Lair:1   | Received a gift from Okawaru
  7833 | Lair:1   | Noticed a seven-headed hydra
  7834 | Lair:1   | 7834 ||| INVOKING Heroism.
  7837 | Lair:1   | 7837 ||| Stepping ~*~*~tactically~*~*~ (stealth).
  7838 | Lair:1   | 7838 ||| Stepping ~*~*~tactically~*~*~ (stealth).
  7841 | Lair:1   | 7841 ||| SWAPPING to +4 morningstar.
  7847 | Lair:1   | Killed a seven-headed hydra
  7848 | Lair:1   | 7848 ||| SWAPPING to +4 war axe.
  7959 | Lair:1   | 7959 ||| INVOKING Heroism.
  8101 | Lair:1   | Noticed a lindwurm
  8148 | Lair:1   | 8148 ||| Stepping ~*~*~tactically~*~*~ (stealth).
  8153 | Lair:1   | 8153 ||| Stepping ~*~*~tactically~*~*~ (stealth).
  8175 | Lair:1   | 8175 ||| INVOKING Heroism.
  8180 | Lair:1   | Received a gift from Okawaru
  8329 | Lair:1   | 8329 ||| UPGRADING to +0 pair of gloves.
  8373 | Lair:1   | 8373 ||| INVOKING Heroism.
  8374 | Lair:1   | 8374 ||| Stepping ~*~*~tactically~*~*~ (hiding).
  8375 | Lair:1   | 8375 ||| Stepping ~*~*~tactically~*~*~ (hiding).
  8390 | Lair:1   | Killed a lindwurm
  8447 | Lair:2   | 8447 ||| Stepping ~*~*~tactically~*~*~ (stealth).
  8451 | Lair:2   | 8451 ||| Stepping ~*~*~tactically~*~*~ (stealth).
  8453 | Lair:2   | 8453 ||| INVOKING Heroism.
  8462 | Lair:2   | Reached skill level 12 in Axes
  8519 | Lair:2   | Reached skill level 6 in Invocations
  8547 | Lair:2   | Reached skill level 9 in Armour
  8585 | Lair:2   | 8585 ||| INVOKING Heroism.
  8715 | Lair:2   | 8715 ||| INVOKING Heroism.
  8720 | Lair:2   | Reached XP level 12. HP: 55/76 MP: 13/16
  8796 | Lair:2   | 8796 ||| INVOKING Heroism.
  8906 | Lair:2   | 8906 ||| Stepping ~*~*~tactically~*~*~ (stealth).
  8926 | Lair:2   | Reached skill level 6 in Shields
  9378 | Lair:2   | 9378 ||| READING 4 scrolls of identify.
  9378 | Lair:2   | 9378 ||| IDENTIFYING metallic golden potion
  9379 | Lair:2   | 9379 ||| READING 3 scrolls of identify.
  9379 | Lair:2   | 9379 ||| IDENTIFYING sedimented puce potion
  9380 | Lair:2   | 9380 ||| DROPPING potion of degeneration.
  9481 | Lair:3   | 9481 ||| Stepping ~*~*~tactically~*~*~ (stealth).
  9506 | Lair:3   | 9506 ||| INVOKING Heroism.
  9594 | Lair:3   | 9594 ||| INVOKING Heroism.
  9620 | Lair:3   | 9620 ||| Stepping ~*~*~tactically~*~*~ (stealth).
  9622 | Lair:3   | 9622 ||| Stepping ~*~*~tactically~*~*~ (stealth).
  9624 | Lair:3   | 9624 ||| Stepping ~*~*~tactically~*~*~ (stealth).
  9626 | Lair:3   | 9626 ||| Stepping ~*~*~tactically~*~*~ (stealth).
  9628 | Lair:3   | 9628 ||| Stepping ~*~*~tactically~*~*~ (stealth).
  9630 | Lair:3   | 9630 ||| Stepping ~*~*~tactically~*~*~ (stealth).
  9632 | Lair:3   | 9632 ||| Stepping ~*~*~tactically~*~*~ (stealth).
  9634 | Lair:3   | 9634 ||| Stepping ~*~*~tactically~*~*~ (stealth).
  9637 | Lair:3   | 9637 ||| Stepping ~*~*~tactically~*~*~ (stealth).
  9639 | Lair:3   | 9639 ||| INVOKING Heroism.
  9745 | Lair:3   | 9745 ||| Stepping ~*~*~tactically~*~*~ (stealth).
  9746 | Lair:3   | 9746 ||| INVOKING Heroism.
  9763 | Lair:3   | 9763 ||| Stepping ~*~*~tactically~*~*~ (stealth).
  9800 | Lair:3   | 9800 ||| INVOKING Heroism.
  9818 | Lair:3   | HP: 18/77 [swamp worm/harpoon shot (14)]
  9819 | Lair:3   | 9819 ||| READING 2 scrolls of teleportation.
  9820 | Lair:3   | 9820 ||| DRINKING 3 potions of heal wounds.
  9868 | Lair:3   | 9868 ||| INVOKING Heroism.
  9884 | Lair:3   | Noticed a seven-headed hydra
  9888 | Lair:3   | 9888 ||| SWAPPING to +4 morningstar.
  9892 | Lair:3   | Killed a seven-headed hydra
  9893 | Lair:3   | 9893 ||| SWAPPING to +4 war axe.
  9909 | Lair:3   | Noticed a seven-headed hydra
  9910 | Lair:3   | 9910 ||| INVOKING Heroism.
  9913 | Lair:3   | 9913 ||| SWAPPING to +4 morningstar.
  9916 | Lair:3   | Killed a seven-headed hydra
  9917 | Lair:3   | 9917 ||| SWAPPING to +4 war axe.
  9928 | Lair:3   | Found a staircase to the Swamp.
 10063 | Lair:3   | Found the ring of the Mage {Wiz Archmagi}
 10140 | Lair:3   | 10140 ||| Stepping ~*~*~tactically~*~*~ (hiding).
 10252 | Lair:3   | 10252 ||| INVOKING Heroism.
 10254 | Lair:3   | 10254 ||| Stepping ~*~*~tactically~*~*~ (stealth).
 10271 | Lair:3   | Found a hole to the Spider Nest.
 10272 | Lair:3   | 10272 ||| Stepping ~*~*~tactically~*~*~ (stealth).
 10333 | Lair:3   | 10333 ||| Stepping ~*~*~tactically~*~*~ (stealth).
 10337 | Lair:3   | 10337 ||| Stepping ~*~*~tactically~*~*~ (stealth).
 10439 | Lair:3   | Noticed a skyshark
 10457 | Lair:3   | Killed a skyshark
 10716 | Lair:4   | 10716 ||| INVOKING Heroism.
 11194 | Lair:4   | Noticed an eight-headed hydra
 11196 | Lair:4   | 11196 ||| INVOKING Heroism.
 11200 | Lair:4   | 11200 ||| SWAPPING to +4 morningstar.
 11205 | Lair:4   | Killed an eight-headed hydra
 11206 | Lair:4   | Reached skill level 9 in Invocations
 11206 | Lair:4   | 11206 ||| SWAPPING to +4 war axe.
 11550 | Lair:4   | 11550 ||| INVOKING Heroism.
 11872 | Lair:5   | Entered Level 5 of the Lair of Beasts
 11873 | Lair:5   | 11873 ||| PLANNING GAUNTLET
 11890 | Lair:5   | Noticed a seven-headed hydra
 11891 | Lair:5   | 11891 ||| INVOKING Heroism.
 11896 | Lair:5   | 11896 ||| SWAPPING to +4 morningstar.
 11897 | Lair:5   | Killed a seven-headed hydra
 11898 | Lair:5   | 11898 ||| SWAPPING to +4 war axe.
 11910 | Lair:5   | Reached skill level 13 in Axes
 11910 | Lair:5   | Reached XP level 13. HP: 79/82 MP: 20/20
 11932 | Lair:5   | 11932 ||| INVOKING Heroism.
 11937 | Lair:5   | 11937 ||| Stepping ~*~*~tactically~*~*~ (stealth).
 11953 | Lair:5   | HP: 20/82 [death yak (8)]
 11954 | Lair:5   | 11954 ||| READING 3 scrolls of teleportation.
 11955 | Lair:5   | 11955 ||| DRINKING 2 potions of heal wounds.
 11958 | Lair:5   | HP: 19/82 [death yak (7)]
 11959 | Lair:5   | 11959 ||| DRINKING potion of heal wounds.
 12026 | Lair:5   | 12026 ||| INVOKING Heroism.
 12051 | Lair:5   | Reached ***** piety under Okawaru
 12052 | Lair:5   | 12052 ||| INVOKING Finesse.
 12128 | Lair:5   | Noticed a dire elephant
 12128 | Lair:5   | Noticed a dire elephant
 12129 | Lair:5   | Noticed a dire elephant
 12144 | Lair:5   | Received a gift from Okawaru
 12180 | Lair:5   | 12180 ||| INVOKING Heroism.
 12181 | Lair:5   | 12181 ||| INVOKING Finesse.
 12266 | Lair:5   | 12266 ||| INVOKING Heroism.
 12329 | Lair:5   | Reached skill level 14 in Axes
 12406 | Lair:5   | 12406 ||| Stepping ~*~*~tactically~*~*~ (hiding).
 12407 | Lair:5   | 12407 ||| Stepping ~*~*~tactically~*~*~ (hiding).
 12459 | Lair:5   | 12459 ||| RIP GAUNTLET
 12491 | Lair:5   | 12491 ||| PLANNING LAIR
 12498 | Lair:5   | 12498 ||| INVOKING Heroism.
 12531 | Lair:5   | Found a staircase to the Slime Pits.
 12531 | Lair:5   | Found a viscous altar of Jiyva.
 12589 | Lair:5   | 12589 ||| READING scroll of enchant armour.
 12589 | Lair:5   | 12589 ||| ENCHANTING +0 pair of gloves.
 12615 | Lair:5   | Received a gift from Okawaru
 12633 | Lair:5   | 12633 ||| Stepping ~*~*~tactically~*~*~ (stealth).
 12635 | Lair:5   | 12635 ||| Stepping ~*~*~tactically~*~*~ (stealth).
 12722 | Lair:5   | 12722 ||| INVOKING Heroism.
 12723 | Lair:5   | 12723 ||| INVOKING Finesse.
 12728 | Lair:5   | 12728 ||| SWAPPING to +4 morningstar.
 12729 | Lair:5   | Received a gift from Okawaru
 12730 | Lair:5   | 12730 ||| SWAPPING to +4 war axe.
 13107 | Lair:5   | 13107 ||| INVOKING Heroism.
 13116 | Lair:5   | Received a gift from Okawaru
 13132 | Lair:5   | Killed a dire elephant
 13133 | Lair:5   | Reached skill level 6 in Throwing
 13143 | Lair:5   | HP: 4/84 [dire elephant (24)]
 13144 | Lair:5   | 13144 ||| READING 2 scrolls of teleportation.
 13145 | Lair:5   | Demolished by a dire elephant

Levels and vault maps discovered:
D:1:      dpeg_arrival_concentric_ovals, layout_rooms,
          shapermc_ecumenical_altar_mp_ritualfount, minmay_tetromino_t4
D:2:      layout_basic, uniq_terence
D:3:      layout_basic, jmf_multi_god_temple,
          nicolae_dithmenos_through_a_glass_darkly, minmay_pentomino_pile
D:4:      layout_cave_pools, minmay_temple_entry_junction, portal_sewer_entry_d
D:5:      layout_gridville, tso_metal_star, gup_ossuary_entry_pyramid,
          ebering_ghost_inner_flame
D:6:      layout_loops_ring, mainiacjoe_overflow_brackets, serial_shops,
          nicolae_shop_temple_entry_statues_fountains
D:7:      layout_rooms, slow_altar_1, minmay_misc_feat_alley,
          minmay_misc_feat_tower, uniq_prince_ribbit1, uniq_duvessa
D:8:      layout_basic, nicolae_overflow_hidden_temple,
          erik_lair_orcish_takeover, gammafunk_ghost_necromancy, enter_bailey_8
D:9:      layout_roguey, serial_shops, shop
Temple:   nicolae_temple_great_sept
Lair:1:   layout_chaotic_city, nicolae_lair_lindhole, lemuel_fruit_tree,
          grunt_megastairs_2
Lair:2:   wad_woods_tower, layout_gridlike, enter_volcano_3
Lair:3:   layout_cave_pods, palyth_hydra_swamp_entry,
          nicolae_spider_entry_non_spiders, minivault_25,
          chequers_serial_rivers_large_a
Lair:4:   layout_layer_cave, st_stairs_3
Lair:5:   due_jungle_book, layout_long_grid, slime_entry_1,
          gauntlet_entry_generic

Skill      XL: |  1  2  3  4  5  6  7  8  9 10 11 12 13 |
---------------+----------------------------------------+-----
Axes           | 2 3 4 5 7 8 9 11 12 13 14 | 14.0
Throwing       | 1 2 3 4 5 6 |  6.0
Fighting       | 4 5 6 7 8 9 10 11 | 11.1
Dodging        | 1 2 |  2.0
Invocations    | 3 4 6 9 10 | 10.1
Shields        | 4 5 6 7 |  7.2
Armour         | 5 7 9 10 | 10.1

Action                     |  1- 3 |  4- 6 |  7- 9 | 10-12 | 13-15 || total
---------------------------+-------+-------+-------+-------+-------++-------
  Melee: War axe           |    60 |   113 |   231 |   583 |   286 ||  1273
         Morningstar       |       |       |       |    19 |     1 ||    20
  Throw: Boomerang         |    28 |     7 |    20 |    64 |    24 ||   143
         Javelin           |     3 |    41 |    33 |    53 |    14 ||   144
 Invoke: Heroism           |       |       |    13 |    28 |     7 ||    48
         Finesse           |       |       |       |       |     3 ||     3
    Use: Scroll            |    10 |     6 |     8 |     5 |     3 ||    32
         Potion            |     1 |       |     3 |     1 |     2 ||     7
 Armour: Scale mail        |    45 |    71 |   129 |       |       ||   245
         Chain mail        |       |       |    15 |    44 |       ||    59
         Plate armour      |       |       |       |   286 |   175 ||   461
  Dodge: Dodged            |    25 |    69 |   151 |   343 |   123 ||   711
  Block: Buckler           |    13 |    25 |    57 |   132 |    69 ||   296

Table legend:
 A = Non-vault XP
 B = Vault XP
 C = Vault XP percentage of total XP
 D = Non-vault monster count
 E = Vault monster count
 F = Vault count percentage of total count
                 A         B        C        D         E       F
            +---------+---------+-------+---------+---------+-------
      Total |   33359 |   19930 |  37.4 |     243 |     120 |  33.1
            +---------+---------+-------+---------+---------+-------
        D:1 |      32 |       0 |   0.0 |      17 |       0 |   0.0
        D:2 |      12 |      36 |  75.0 |       8 |       1 |  11.1
        D:3 |     243 |       9 |   3.6 |      33 |       5 |  13.2
        D:4 |     222 |      13 |   5.5 |      13 |       1 |   7.1
        D:5 |    1332 |      18 |   1.3 |      25 |       1 |   3.8
        D:6 |    1136 |       0 |   0.0 |      22 |       0 |   0.0
        D:7 |    1242 |     474 |  27.6 |      18 |       4 |  18.2
        D:8 |    1207 |     799 |  39.8 |      17 |       9 |  34.6
        D:9 |     290 |       0 |   0.0 |       2 |       0 |   0.0
     Lair:1 |    6560 |    1708 |  20.7 |      23 |       5 |  17.9
     Lair:2 |    3630 |    1206 |  24.9 |      18 |       8 |  30.8
     Lair:3 |    3490 |    3738 |  51.7 |      13 |      19 |  59.4
     Lair:4 |    2884 |      90 |   3.0 |       9 |       1 |  10.0
     Lair:5 |   11079 |   11138 |  50.1 |      25 |      26 |  51.0
      Sewer |       0 |     334 | 100.0 |       0 |      28 | 100.0
    Ossuary |       0 |     367 | 100.0 |       0 |      12 | 100.0
            +---------+---------+-------+---------+---------+-------
